 Dungeon Crawl Stone Soup version 0.26-a0-651-gb41185065b (webtiles) character file.

Game seed: 644971070656010977

(classic levelgen) 24 EnegeticOcto the Covered (level 2, -1/27 HPs)
             Began as a Deep Dwarf Fighter on Oct 9, 2020.
             Slain by Sigmund
             ... wielding a +0 scythe
              (12 damage)
             ... on level 2 of the Dungeon.
             The game lasted 00:00:10 (249 turns).

EnegeticOcto the Covered (Deep Dwarf Fighter)        Turns: 249, Time: 00:00:11

Health: -1/27      AC:  6    Str: 25    XL:     2   Next: 79%
Magic:  2/2        EV:  7    Int:  8    God:
Gold:   20         SH: 10    Dex: 12    Spells: 1/1 levels left

rFire    . . .     SeeInvis .   a - +0 war axe
rCold    . . .     Faith    .   c - +0 kite shield
rNeg     . . .     Spirit   .   b - +0 scale mail
rPois    .         Reflect  .   (no helmet)
rElec    .         Harm     .   (no cloak)
rCorr    .         Rampage  .   (no gloves)
MR       .....                  (no boots)
Stlth    ..........             (no amulet)
HPRegen  0.00/turn              e - +6 ring of strength
MPRegen  0.08/turn              (no ring)

@: non-regenerating
A: damage resistance, heal wounds, sense surroundings 1, no regeneration
a: Heal Wounds


You were on level 2 of the Dungeon.
You visited 1 branch of the dungeon, and saw 2 of its levels.

You collected 20 gold pieces.

Inventory:

Hand Weapons
 a - a +0 war axe (weapon)
Armour
 b - a +0 scale mail (worn)
 c - a +0 kite shield (worn)
Jewellery
 e - a +6 ring of strength (left hand)
Scrolls
 h - a scroll of noise {unknown}
 j - a scroll of fear {unknown}
Potions
 d - a potion of might {@q3}
 f - a potion of haste {unknown}
 g - a potion of brilliance {unknown}
 i - a potion of curing {unknown}


   Skills:
 + Level 2.9 Fighting
 * Level 2.9 Axes
 + Level 3.5 Armour
 + Level 3.5 Shields


You had one spell level left.
You didn't know any spells.
Your spell library was empty.

Dungeon Overview and Level Annotations

Branches:
Dungeon (2/15)

Altars:

Annotations:
D:2 Sigmund


Innate Abilities, Weirdness & Mutations

You are resistant to damage.
You can heal yourself by infusing magical energy.
You passively map a small area around you.
You do not regenerate.


Message History

A leopard gecko is nearby!
A leopard gecko is nearby!
The leopard gecko bites you but does no damage.
You hit the leopard gecko.
The leopard gecko is almost dead.
The leopard gecko bites you but does no damage.
The leopard gecko completely misses you.
You miss the leopard gecko.
The leopard gecko is almost dead.
You block the leopard gecko's attack.
You barely miss the leopard gecko.
The leopard gecko is almost dead.
You block the leopard gecko's attack. The leopard gecko barely misses you.
You slash the leopard gecko!
You kill the leopard gecko!
You have reached level 2!
A leopard gecko comes into view.
The leopard gecko hisses angrily.
A leopard gecko is nearby!
A leopard gecko is nearby!
A leopard gecko is nearby!
A leopard gecko is nearby!
Found a scroll labeled WOPRIT NAAMYRE and 4 gold pieces.
You completely miss the leopard gecko. The leopard gecko barely misses you.
The leopard gecko bites you but does no damage.
You closely miss the leopard gecko.
The leopard gecko bites you but does no damage.
You closely miss the leopard gecko. You block the leopard gecko's attack.
The leopard gecko bites you but does no damage.
You slash the leopard gecko!
You kill the leopard gecko!
No target in view!
No target in view!
No target in view!
No target in view!
j - a scroll labeled WOPRIT NAAMYRE You now have 20 gold pieces (gained 4).
You open the door.
There is an open door here.
You see here a leopard gecko corpse.
A quokka and a kobold come into view.
The kobold shouts!
There are monsters nearby!
There are monsters nearby!
A hobgoblin comes into view.
The hobgoblin shouts!
The kobold closely misses you.
The hobgoblin moves out of view.
Found a stone staircase leading up.
You closely miss the kobold. You block the kobold's attack.
The hobgoblin hits you but does no damage.
You barely miss the kobold. You hit the hobgoblin but do no damage.
The kobold hits you. You block the hobgoblin's attack.
The kobold hits you but does no damage.
You slash the kobold!
You kill the kobold!
You closely miss the hobgoblin.
The hobgoblin hits you but does no damage.
The quokka barely misses you.
You closely miss the quokka. You slash the hobgoblin!
You kill the hobgoblin!
The quokka bites you.
You miss the quokka. The quokka completely misses you. The quokka bites you.
You barely miss the quokka. You block the quokka's attack.
You slash the quokka!
You kill the quokka!
You open the door.
Found 13 stones.
There is an open door here.
Found a stone staircase leading down.
A jackal and Sigmund come into view.
Sigmund is wielding a +0 scythe and carrying a wand of flame (12).
Sigmund shouts!
The jackal barks!
You hear a bark!
A jackal comes into view. x2
An adder comes into view.
The jackal barks!
The adder hisses angrily.
Sigmund breathes a few words.
Sigmund's hands start flickering wildly.
Sigmund hits you from afar with a +0 scythe.
The jackal bites you but does no damage.
The jackal barely misses you. You block the jackal's attack.
You hit Sigmund but do no damage. You closely miss the jackal. x2
The jackal barely misses you.
Sigmund's eyes start glowing with a red light.
You block Sigmund's attack. The jackal barely misses you.
You block the jackal's attack.
A hobgoblin opens the door.
You block the jackal's attack. x2
You hit Sigmund but do no damage. You barely miss the jackal.
You hit the jackal. You slash the adder!
You kill the adder!
You hit the jackal.
The jackal bites you but does no damage. x2
You block the jackal's attack. You block Sigmund's attack.
The jackal bites you but does no damage. x2
The jackal bites you.
You closely miss the jackal.
The jackal is almost dead.
Your shield prevents you from hitting Sigmund.
You closely miss the jackal. x2; The jackal bites you.
You block the jackal's attack. Sigmund hits you with a +0 scythe!
You die...

* #.# #. * ,..* #.# #. ,
######.* #.# #.
.......###,#.# #.
.........#,#.##########.
.........#,#........)##.
.........#.#......<#.##.
......@hh#.#....†..#....
,
......h@...#.#####.#####
.......g.#########.# *
######'#.........#.#####
..#.#######.#..†...
...... , *#.###....
##..#.## *#........ * *
**#..#.#* #.######....
,, ......., ............
### #.#, #..#######'#


You could see Sigmund, 3 jackals and a hobgoblin.

Vanquished Creatures
  An adder (D:2)
  3 leopard geckos
  A ball python (D:1)
  A giant cockroach (D:1)
  A goblin (D:1)
  2 hobgoblins
  A quokka (D:2)
  A kobold (D:2)
11 creatures vanquished.

Notes
Turn   | Place    | Note
-------+----------+-------------------------------------------
     0 | D:1      | EnegeticOcto the Deep Dwarf Fighter began the quest for the
                  | Orb.
     0 | D:1      | Reached XP level 1. HP: 20/20 MP: 1/1
   136 | D:2      | Reached XP level 2. HP: 20/27 MP: 2/2
   243 | D:2      | Noticed Sigmund
   249 | D:2      | Slain by Sigmund

Illustrated notes

Levels and vault maps discovered:
D:1:      minmay_arrival_four_loops, layout_basic
D:2:      layout_basic, evilmike_ruin_ashenzari, uniq_crazy_yiuf_cottage,
          uniq_sigmund

Action                   || total
-------------------------++-------
Melee: War axe           ||    36
Armor: Scale mail        ||    21
Dodge: Dodged            ||    16
Block: Kite shield       ||    22

Table legend: (Time is in decaauts)
 A = Elapsed time spent in this place.
 B = Non-inter-level travel time spent in this place.
 C = Inter-level travel time spent in this place.
 D = Time resting spent in this place.
 E = Time spent auto-exploring this place.
 F = Levels seen in this place.
 G = Mean time per level.
                   A        B        C        D        E       F      G
               +--------+--------+--------+--------+--------+-----+--------+
         Total |    264 |    246 |     18 |      0 |    161 |   2 |  132.0 |
       Dungeon |    264 |    246 |     18 |      0 |    161 |   2 |  132.0 |
               +--------+--------+--------+--------+--------+-----+--------+

Top non-repeatable levels by time:
     D:1: 139 daAuts
     D:2: 125 daAuts
